 Dungeon Crawl Stone Soup version 0.29-a0-994-gc5c9f59d18 (webtiles) character file.

Game seed: 11585833695117954021

139 greasedhog the Firebug (level 5, -1/28 HPs)
             Began as a Gargoyle Fire Elementalist on Aug 3, 2022.
             Killed by an exploding Eustachio (13 damage)
             ... ignited by their inner flame
             ... on level 4 of the Dungeon.
             The game lasted 00:08:44 (4689 turns).

greasedhog the Firebug (Gargoyle Fire Elementalist) Turns: 4689, Time: 00:08:45

Health: -1/28      AC:  8    Str: 12      XL:     5   Next: 22%
Magic:  3/9        EV: 11    Int: 17      God:
Gold:   149        SH:  0    Dex:  7 (10) Spells: 3/10 levels left

rFire   + . .      SeeInvis .   f - +3 short sword (elec)
rCold   x . .      Faith    .   (no shield)
rNeg    + . .      Spirit   .   a - +1 robe
rPois   ∞          Reflect  .   (no helmet)
rElec   +          Harm     .   (no cloak)
rCorr   .          Rampage  .   (no gloves)
Will    .....                   m - +0 pair of boots
Stlth   ++........              (no amulet)
HPRegen 0.09/turn               k - ring of fire
MPRegen 0.11/turn               (no ring)

@: no status effects
A: sickness immunity, AC +4, negative energy resistance 1, electricity
resistance, torment resistance 1, petrification resistance
a: no special abilities


You were on level 4 of the Dungeon.
You visited 1 branch of the dungeon, and saw 4 of its levels.

You collected 149 gold pieces.

Inventory:

Hand Weapons
 f - a +3 short sword of electrocution (weapon)
Armour
 a - a +1 robe (worn)
 m - a +0 pair of boots (worn)
 o - a +0 helmet
Jewellery
 k - a ring of fire (left hand)
Scrolls
 c - a scroll of brand weapon
 n - a scroll of teleportation
Potions
 b - a potion of curing {unknown}
 d - a potion of might {unknown}
 e - a potion of lignification {unknown}
 g - 2 potions of haste {unknown}
 h - 3 potions of heal wounds {unknown}
 j - 2 potions of mutation {unknown}


   Skills:
 - Level 1.5 Dodging
 * Level 3.9 Stealth
 * Level 3.2 Spellcasting
 - Level 1.1 Conjurations
 * Level 4.1 Fire Magic


You had 3 spell levels left.
You knew the following spells:

 Your Spells              Type           Power      Damage    Failure   Level
a - Foxfire               Conj/Fire      68%        2x1d7     6%          1
b - Scorch                Fire           50%        2d7       4%          2
c - Flame Wave            Conj/Fire      17%        2d7       50%         4

Your spell library contained the following spells:

 Spells                   Type           Power      Damage    Failure   Level
 Magic Dart               Conj           24%        1d4       11%         1
 Apportation              Tloc           4%         N/A       17%         1
 Searing Ray              Conj           12%        2d4       17%         2
 Conjure Flame            Conj/Fire      17%        6-21      17%         3
 Inner Flame              Hex/Fire       14%        N/A       22%         3
 Fulminant Prism          Conj/Hex       2%         3d6       80%         4
 Alistair's Intoxication  Tmut/Pois      1%         N/A       99%         5


Dungeon Overview and Level Annotations

Branches:
Dungeon (4/15)
 Temple: D:4-7

Altars:
Ru

Annotations:
D:3 2 transporters, Newt's ghost, weakling OpTm
D:4 Dowan; Duvessa; Pikel


Innate Abilities, Weirdness & Mutations

You are immune to sickness and miasma.
Your stone body is resilient. (AC +4)
You are immune to poison.
You resist negative energy. (rN+)
You are resistant to electric shocks. (rElec)
You are resistant to unholy torment.
You are immune to petrification.


Message History

The foxfire hits the quasit but does no damage.
The quasit is moderately wounded.
As you read the scroll labelled YLOAMU HAQY, it crumbles to dust.
You feel strangely unstable.
It was a scroll of teleportation.
The quasit bites you but does no damage.
The quasit closely misses you. The quasit misses you. The shadow imp hits you.
The quasit bites you but does no damage.
The quasit claws you but does no damage. x2
As you read the scroll labelled OPUYNUVV FUYR, it crumbles to dust.
The creatures around you are filled with an inner flame!
It was a scroll of immolation.
The quasit disappears in a puff of smoke!
The shadow imp closely misses you.
Eustachio casts a spell.
Eustachio blinks!
Casting: Foxfire (safe; 6% risk of failure)
Confirm with . or Enter, or press ? or * to list all spells.
You feel a surge of power!
You conjure some foxfire!
The shadow imp disappears in a puff of smoke!
The foxfire hits Eustachio.
Flame seeps out of Eustachio.
Eustachio is lightly wounded.
The foxfire hits Eustachio but does no damage.
Eustachio is lightly wounded.
Eustachio is engulfed in blazing flames.
Flame seeps out of Eustachio.
Eustachio casts a spell.
Eustachio blinks!
Pikel, Merchant of Souls comes into view.
He is wielding a +1 whip of electrocution.
Your surroundings seem slightly different.
Eustachio hits you but does no damage.
Casting: Foxfire (safe; 6% risk of failure)
Confirm with . or Enter, or press ? or * to list all spells.
You feel a surge of power!
Flames lash Eustachio.
Flame seeps out of Eustachio.
Eustachio is heavily wounded.
Eustachio's fire resistance burns away.
You hear a shout!
Eustachio is engulfed in blazing flames.
Eustachio explodes!
The fiery explosion engulfs you! You resist.
You die...

#.# #.# #.# #.# #.########## #.#
#.#### #.##.......# #.# # #
#....###K##.#####.###)##.##. ##
##........†K..>...#....5..5..
.####..†....####....##.###.######
.....)......####.§...## #.#
.####.........§.§.....####.# ##
###...#####○@..........# # #...#
#§§.....###### ##### ##..°..##
##...## #####


You could see Pikel.

Vanquished Creatures
  Eustachio (D:4)
  A hound (D:3)
  3 adders
  A worm (D:2)
  2 dart slugs
  An orc (D:3)
  4 bats
  4 endoplasms
  7 giant cockroaches
  8 goblins
  7 hobgoblins
  6 jackals
  8 kobolds
  A quokka (D:2)
  8 ball pythons
  2 frilled lizards
  8 rats
72 creatures vanquished.

Vanquished Creatures (others)
  69 foxfires
69 creatures vanquished.

Grand Total: 141 creatures vanquished

Notes
Turn   | Place    | Note
-------+----------+-------------------------------------------
     0 | D:1      | greasedhog the Gargoyle Fire Elementalist began the quest
                  | for the Orb.
     0 | D:1      | Reached XP level 1. HP: 10/10 MP: 3/3
     2 | D:1      | Noticed a formicid
     2 | D:1      | Noticed a merfolk
     4 | D:1      | Noticed a naga
     4 | D:1      | Noticed an octopode
     6 | D:1      | Noticed a demonspawn
     8 | D:1      | Noticed a human
     8 | D:1      | Noticed a tengu
    12 | D:1      | Noticed a vampire
    12 | D:1      | Noticed an elf
    14 | D:1      | Noticed a felid
    14 | D:1      | Noticed a dwarf
    16 | D:1      | Noticed an ogre
    18 | D:1      | Noticed a spriggan
    18 | D:1      | Noticed a draconian
    20 | D:1      | Noticed a vine stalker
    22 | D:1      | Noticed a demigod
    22 | D:1      | Noticed a minotaur
    24 | D:1      | Noticed a ghoul
    24 | D:1      | Noticed a gargoyle
    26 | D:1      | Noticed a troll
   327 | D:1      | Reached XP level 2. HP: 15/15 MP: 3/5
   369 | D:1      | Learned a level 2 spell: Scorch
   785 | D:1      | Reached XP level 3. HP: 4/19 MP: 1/6
  2162 | D:2      | Reached XP level 4. HP: 24/24 MP: 1/8
  2835 | D:3      | Learned a level 4 spell: Flame Wave
  2901 | D:3      | Found a sacrificial altar of Ru.
  2954 | D:3      | Found a transporter.
  2963 | D:3      | Noticed Newt's ghost (weakling OpTm)
  3357 | D:3      | Found a transporter.
  3820 | D:4      | Noticed Duvessa
  3842 | D:3      | Reached skill level 4 in Fire Magic
  3842 | D:3      | Reached XP level 5. HP: 25/28 MP: 6/9
  4008 | D:4      | Noticed Dowan
  4656 | D:4      | Noticed Eustachio
  4687 | D:4      | Noticed Pikel
  4689 | D:4      | Killed Eustachio
  4689 | D:4      | Killed by an exploding Eustachio... ignited by their inner
                  | flame

Illustrated notes

Levels and vault maps discovered:
D:1:      kb_arrival_jail, layout_loops_corners, minmay_heptomino_h4
D:2:      kennysheep_six_static_rooms, layout_loops_corners
D:3:      layout_loops_corners, nicolae_ru_sacrificial_ziggurat,
          gammafunk_ghost_arena, kennysheep_small_spiral
D:4:      minmay_spotlight, layout_loops_ring, uniq_eustachio, uniq_duvessa,
          uniq_pikel

Skill      XL: |  1  2  3  4 |
---------------+-------------+-----
Stealth        | 3 |  3.9
Spellcasting   | 3 |  3.2
Fire Magic     | 4 |  4.1
Dodging        | |  1.5
Conjurations   | |  1.1

Action                   |  1- 3 |  4- 6 || total
-------------------------+-------+-------++-------
Melee: Unarmed           |     1 |       ||     1
       Club              |    36 |    11 ||    47
       Short sword       |       |    64 ||    64
Throw: Dart              |       |     4 ||     4
 Cast: Foxfire           |    31 |    13 ||    44
       Scorch            |    15 |     5 ||    20
  Use: Potion            |     2 |       ||     2
       Scroll            |     2 |     6 ||     8
 Stab: Sleeping          |       |     8 ||     8
       Distracted        |       |     1 ||     1
Armor: Robe              |    27 |    59 ||    86
Dodge: Dodged            |    52 |    75 ||   127

Table legend: (Time is in decaauts)
 A = Elapsed time spent in this place.
 B = Non-inter-level travel time spent in this place.
 C = Inter-level travel time spent in this place.
 D = Time resting spent in this place.
 E = Time spent auto-exploring this place.
 F = Levels seen in this place.
 G = Mean time per level.
                   A        B        C        D        E       F      G
               +--------+--------+--------+--------+--------+-----+--------+
         Total |   4709 |   4516 |    193 |    604 |   3331 |   4 | 1177.2 |
       Dungeon |   4709 |   4516 |    193 |    604 |   3331 |   4 | 1177.2 |
               +--------+--------+--------+--------+--------+-----+--------+

Top non-repeatable levels by time:
     D:1: 1649 daAuts
     D:3: 1327 daAuts
     D:2: 1193 daAuts
     D:4: 538 daAuts
